cohdb
Replays
Latest Replays
All Replays
Popular Replays
Top Player Replays
Match Explorer
How It Works
Community
CoH3 Stats
Reddit
Sign in to upload your games and track your stats! →
Sign in with Steam
Match 46290108
Unlisted
Match 46290108
Overview
Messages
Build Orders
End
Kradschützen Motorcycle Team
Panzerpioneer Squad
Panzerpioneer Squad
Panzerpioneer Squad
Construct Light Support Kompanie
2.5-tonne Medical Truck
Fire Support Elements
Assault Grenadier Squad
Panzerjäger Mechanized Group
Combat Half-tracks
Construct Panzerarmee Kommand
Selects Italian Infantry
Selects Defensive Operations
Selects Prepared Positions
Panzer III L Medium Tank
Panzer III L Medium Tank
Selects Obice 305mm Barrage
Walking Stuka Rocket Launcher
Emergency Repair Kits
Walking Stuka Rocket Launcher
Pak 38 Mechanized Group
Armored Reserves
Selects Guastatori Squad
Selects Registered Artillery
Registered Artillery
Obice 305mm Barrage
Flak 36 Anti-tank Gun Team
Guastatori Squad
Registered Artillery
Panzer IV Assault Group
[DeanOfBao]hokkskyc
Nemesis28
JUBA
SADDAM HUSSEIN
JDG
Brick_man
Papa Smurf
jaws2005
0
0
Comments
sign in to comment!
No comments posted yet!